 Dungeon Crawl Stone Soup version 0.29-a0-270-g1586fc07ea (webtiles) character file.

Game seed: 18098642514894031543

247 tsouns the Ruffian (level 5, -4/53 HPs)
             Began as a Troll Gladiator on Mar 7, 2022.
             Slain by a kobold brigand
             ... wielding a +0 short sword
              (8 damage)
             ... in a sewer.
             The game lasted 00:04:41 (1797 turns).

tsouns the Ruffian (Troll Gladiator)                Turns: 1797, Time: 00:04:42

Health: -4/53      AC:  4    Str: 24    XL:     5   Next: 85%
Magic:  0/0        EV: 10    Int:  4    God:
Gold:   127        SH:  0    Dex: 17    Spells: 4/4 levels left

rFire   . . .      SeeInvis +     - Unarmed
rCold   . . .      Faith    .   (no shield)
rNeg    . . .      Spirit   .   a - +0 robe
rPois   .          Reflect  .   b - +0 hat
rElec   .          Harm     +   h - scarf {harm}
rCorr   .          Rampage  .   (gloves unavailable)
Will    +....                   (boots unavailable)
Stlth   ++........              (no amulet)
HPRegen 0.97/turn               k - ring of Okieniw {Will+ MP-9 Dex+6 SInv}
MPRegen 0.07/turn               (no ring)

@: no status effects
A: large, unfitting armour, claws 3, regeneration 1, shaggy fur 1, tough skin 1
a: no special abilities


You were in a sewer.
You visited 1 branch of the dungeon, and saw 3 of its levels.
You also visited: Sewer.

You collected 127 gold pieces.

Inventory:

Missiles
 c - 3 throwing nets
 d - a large rock (quivered)
Armour
 a - a +0 robe (worn)
 b - a +0 hat (worn)
 h - a scarf of harm (worn)
 q - a +0 cloak
Jewellery
 k - the ring of Okieniw (left claw) {Will+ MP-9 Dex+6 SInv}
   (You found it on level 2 of the Dungeon)

   [ring of dexterity]

   Dex:       It affects your dexterity (+6).
   MP:        It affects your magic capacity (-9).
   SInv:      It lets you see invisible.
   Will:      It increases your willpower.
Wands
 s - a wand of charming (8)
Scrolls
 e - a scroll of torment {unknown}
 f - 2 scrolls of immolation {unknown}
 g - 2 scrolls of identify {unknown}
 m - a scroll of blinking {unknown}
 o - 2 scrolls of teleportation {unknown}
 r - 2 scrolls of vulnerability {unknown}
 t - a scroll of fear {unknown}
Potions
 i - a potion of brilliance {unknown}
 l - a potion of flight {unknown}
 n - a potion of degeneration {unknown}
 p - a potion of lignification {unknown}
 u - 2 potions of mutation {unknown}


   Skills:
 + Level 3.1 Fighting
 - Level 1.8 Throwing
 - Level 2.4 Dodging
 * Level 5.6 Unarmed Combat


You had 4 spell levels left.
You didn't know any spells.
Your spell library contained the following spells:

 Spells                   Type           Power      Damage    Failure   Level
 Ensorcelled Hibernation  Hex/Ice        0%         N/A       65%         2
 Passwall                 Tmut/Erth      0%         N/A       65%         2
 Sublimation of Blood     Necr           0%         N/A       65%         2
 Lesser Beckoning         Tloc           0%         N/A       86%         3
 Swiftness                Air            0%         N/A       86%         3
 Petrify                  Tmut/Erth      0%         N/A       99%         4
 Summon Ice Beast         Ice/Summ       0%         N/A       99%         4
 Irradiate                Conj/Tmut      0%         3d14      100%        5


Dungeon Overview and Level Annotations

Branches:
Dungeon (3/15)              Sewer (1/1)

Altars:


Innate Abilities, Weirdness & Mutations

You are too large for most types of armour.
You have claws for hands.
Your natural rate of healing is unusually fast.
You are covered in fur. (AC +1)
You have tough skin. (AC +1)


Message History

You closely miss the kobold brigand.
The kobold brigand is lightly wounded.
The kobold brigand barely misses you. The kobold closely misses you.
Unknown command.
You claw the kobold!
You kill the kobold!
The kobold brigand closely misses you.
You miss the kobold. You completely miss the kobold.
The kobold brigand barely misses you. The kobold closely misses you.
You scratch the kobold but do no damage.
The kobold brigand hits you with a +0 short sword!
The kobold hits you with a +0 whip.
* * * LOW HITPOINT WARNING * * *
You scratch the kobold.
The kobold is severely wounded.
The kobold brigand hits you but does no damage.
The kobold barely misses you.
You completely miss the kobold.
The kobold is severely wounded.
The kobold brigand closely misses you. The kobold barely misses you.
You closely miss the kobold.
The kobold is severely wounded.
The kobold brigand closely misses you. The kobold hits you with a +0 whip.
* * * LOW HITPOINT WARNING * * *
You claw the kobold!
You kill the kobold!
The kobold brigand hits you with a +0 short sword.
* * * LOW HITPOINT WARNING * * *
You feel better.
The kobold brigand hits you with a +0 short sword!
* * * LOW HITPOINT WARNING * * *
You completely miss the kobold brigand.
The kobold brigand is lightly wounded.
The kobold brigand hits you with a +0 short sword.
* * * LOW HITPOINT WARNING * * *
You scratch the kobold brigand but do no damage.
The kobold brigand is lightly wounded.
The kobold brigand hits you with a +0 short sword!
You die...

###'########≈≈############≈
#≈≈≈≈≈≈≈≈≈≈≈≈≈≈≈≈≈≈≈≈ ≈≈≈
#≈≈≈≈≈≈≈≈≈≈≈≈≈≈≈≈≈≈≈≈≈ ≈≈
#≈≈≈≈≈≈≈≈≈≈≈≈≈≈≈≈≈≈≈≈≈ ≈≈≈
#################≈≈≈#######
#!..!#..P.≈≈P≈≈≈≈≈P...≈
#.∩..')....≈≈≈≈..≈≈≈..≈
#....)K.....≈..........
#..!!#@..............†.
#### #.................
##................
#......P..##.....
#######..####...# ####
#####


You could see a kobold brigand.

Vanquished Creatures
  2 kobold brigands (Sewer)
  Crazy Yiuf (D:2)
  An adder (D:2)
  A worm (D:2)
  5 bats
  7 endoplasms
  5 giant cockroaches
  4 goblins
  4 hobgoblins
  3 jackals (D:1)
  12 kobolds
  5 quokkas
  11 ball pythons
  2 frilled lizards
  7 rats
70 creatures vanquished.

Vanquished Creatures (others)
  A plant (Sewer)
1 creature vanquished.

Grand Total: 71 creatures vanquished

Notes
Turn   | Place    | Note
-------+----------+-------------------------------------------
     0 | D:1      | tsouns the Troll Gladiator began the quest for the Orb.
     0 | D:1      | Reached XP level 1. HP: 19/19 MP: 0/0
   129 | D:1      | Reached XP level 2. HP: 28/28 MP: 1/1
   154 | D:1      | Got the Catalogue of the Frigorific Compass
   477 | D:1      | Reached XP level 3. HP: 35/35 MP: 2/2
   599 | D:2      | Reached skill level 4 in Unarmed Combat
   686 | D:2      | Identified the ring of Okieniw {Will+ MP-9 Dex+6 SInv}
  1309 | D:2      | Found a runed translucent door.
  1310 | D:2      | Noticed Crazy Yiuf
  1316 | D:2      | Killed Crazy Yiuf
  1317 | D:2      | Reached XP level 4. HP: 22/44 MP: 0/3
  1552 | D:3      | Found the +6 shillelagh "Devastator" {shatter}
  1587 | D:3      | Found a glowing drain.
  1602 | Sewer    | Entered a sewer
  1658 | Sewer    | Noticed a kobold brigand
  1658 | Sewer    | Noticed a kobold brigand
  1662 | Sewer    | Killed a kobold brigand
  1663 | Sewer    | Reached skill level 5 in Unarmed Combat
  1663 | Sewer    | Reached XP level 5. HP: 36/52 MP: 0/4
  1797 | Sewer    | Slain by a kobold brigand

Illustrated notes

Levels and vault maps discovered:
D:1:      ncdulo_lavacross, layout_rooms, serial_bayou_pond_a, eino_curves_01
D:2:      minmay_door_path, layout_loops_ring, dk_noncrumbling_4,
          minmay_parallelograms, minivault_24, minmay_misc_feat_x,
          uniq_crazy_yiuf_cottage
D:3:      minmay_octagon_keep, layout_rooms, cheibrodos_ashenzari_chains,
          portal_sewer_entry_a, minmay_fractal_squares_diagonal_5, uniq_grinder
Sewer:    kennysheep_pipe_town

Skill      XL: |  1  2  3  4  5 |
---------------+----------------+-----
Fighting       | 2 3 |  3.1
Unarmed Combat | 4 5 |  5.6
Throwing       | |  1.8
Dodging        | |  2.4

Action                   |  1- 3 |  4- 6 || total
-------------------------+-------+-------++-------
Melee: Unarmed           |   100 |    81 ||   181
       Punch             |       |     2 ||     2
  Use: Potion            |       |     3 ||     3
 Stab: Sleeping          |     2 |       ||     2
Armor: Robe              |    35 |    27 ||    62
Dodge: Dodged            |    61 |    40 ||   101

Table legend: (Time is in decaauts)
 A = Elapsed time spent in this place.
 B = Non-inter-level travel time spent in this place.
 C = Inter-level travel time spent in this place.
 D = Time resting spent in this place.
 E = Time spent auto-exploring this place.
 F = Levels seen in this place.
 G = Mean time per level.
                   A        B        C        D        E       F      G
               +--------+--------+--------+--------+--------+-----+--------+
         Total |   1797 |   1687 |    110 |      0 |   1231 |   4 |  449.2 |
       Dungeon |   1592 |   1482 |    110 |      0 |   1123 |   3 |  530.7 |
         Sewer |    205 |    205 |      0 |      0 |    108 |   1 |  205.0 |
               +--------+--------+--------+--------+--------+-----+--------+

Top non-repeatable levels by time:
     D:2: 843 daAuts
     D:1: 565 daAuts
   Sewer: 205 daAuts
     D:3: 183 daAuts
